[Event "Chinese League Div-A Rapid 2022"]
[Site "Fuling,Chongqing"]
[Date "2022.09.07"]
[Round "2.14"]
[White "Zhou, Guijue"]
[Black "Shao, Qiyu"]
[Result "1-0"]
[ECO "B23"]
[WhiteElo "2225"]
[BlackElo "1467"]
[Annotator "RC"]
[PlyCount "119"]
[EventDate "2022.09.07"]
[EventType "team-tourn"]
[EventCountry "CHN"]
[SourceTitle "playchess.com"]
[Source "ChessBase"]
[SourceQuality "1"]
[TimeControl "1500+10"]

1. e4 c5 2. Nc3 Nc6 3. Bb5 g6 4. Bxc6 bxc6 5. f4 d5 6. d3 Bg7 7. e5 Rb8 8. Nf3 Nh6 9. O-O O-O 10. Na4 Qa5 11. b3 c4 12. Bd2 Qa6 13. Nc5 Qb6 14. d4 Nf5 15. c3 Rd8 16. bxc4 dxc4 17. Qe2 Ba6 18. g4 Nh6 19. e6 Bc8 20. Rfe1 f6 21. h3 Qc7 22. Kg2 Rb2 23. Na4 Rb8 24. Qxc4 Rd5 25. Nc5 Rb2 26. Qe2 Kh8 27. Reb1 Rxb1 28. Rxb1 Ng8 29. c4 Rd8 30. Qe1 Qd6 31. Nb7 Bxb7 32. Rxb7 Qa3 33. Qb1 f5 34. g5 Qa4 35. Qb3 Qa6 36. a4 h6 37. h4 h5 38. a5 Kh7 39. Rd7 Qc8 40. Rxd8 Qxd8 41. d5 c5 42. Qb5 Qd6 43. Be3 Bd4 44. Qd7 Qb8 45. Bxd4 cxd4 46. d6 Qxd6 47. Qxd6 exd6 48. Nxd4 Ne7 49. Nb5 d5 50. c5 a6 51. Nc7 d4 52. Nxa6 Kg7 53. Nb4 Nc8 54. a6 Kf8 55. Nc6 Ke8 56. a7 Nxa7 57. Nxa7 Ke7 58. c6 Kd6 59. e7 Kxe7 60. c7 1-0

[Event "Chinese League Div-A Rapid 2022"]
[Site "Fuling,Chongqing"]
[Date "2022.09.07"]
[Round "2.15"]
[White "Zhao, Shengxin"]
[Black "Sun, Fanghui"]
[Result "1/2-1/2"]
[ECO "E05"]
[WhiteElo "2112"]
[BlackElo "2182"]
[Annotator "RC"]
[PlyCount "83"]
[EventDate "2022.09.07"]
[EventType "team-tourn"]
[EventCountry "CHN"]
[SourceTitle "playchess.com"]
[Source "ChessBase"]
[SourceQuality "1"]
[TimeControl "1500+10"]

1. d4 Nf6 2. c4 e6 3. g3 d5 4. Bg2 Be7 5. Nf3 O-O 6. O-O dxc4 7. Qc2 a6 8. a4 Bd7 9. Qxc4 Bc6 10. Bf4 Nbd7 11. Nc3 Rc8 12. Rfd1 Bd6 13. Rac1 Qe7 14. Qb3 Bxf4 15. gxf4 Nd5 16. e3 Nxc3 17. Rxc3 Bd5 18. Qc2 Nf6 19. Ne5 Bxg2 20. Kxg2 Nd5 21. Rc4 c6 22. b3 Nb6 23. Rc5 f6 24. Nf3 Nd7 25. Rc3 Rce8 26. Qd3 Rf7 27. Qc4 h6 28. Rcd3 Nb6 29. Qc5 Nd7 30. Qa5 Qd6 31. Qh5 Qd5 32. Qg6 Nf8 33. Qg3 Qe4 34. Kg1 Qg6 35. Kf1 Qe4 36. Ke2 Rd8 37. Nd2 Qf5 38. e4 Qh5+ 39. Qf3 Qg6 40. Qg3 Qh5+ 41. Qf3 Qg6 42. Qg3 1/2-1/2

[Event "Chinese League Div-A Rapid 2022"]
[Site "Fuling,Chongqing"]
[Date "2022.09.07"]
[Round "2.16"]
[White "Li, Haoyu"]
[Black "Huang, Renjie"]
[Result "1/2-1/2"]
[ECO "C08"]
[WhiteElo "2369"]
[BlackElo "2446"]
[Annotator "TA"]
[PlyCount "163"]
[EventDate "2022.09.07"]
[EventType "team-tourn"]
[EventCountry "CHN"]
[SourceTitle "playchess.com"]
[Source "ChessBase"]
[SourceQuality "1"]
[TimeControl "1500+10"]

1. e4 c5 2. Nf3 e6 3. c3 d5 4. exd5 exd5 5. d4 Nf6 6. Bb5+ Bd7 7. Bxd7+ Nbxd7 8. O-O Be7 9. dxc5 Nxc5 10. Nbd2 O-O 11. Nb3 Nce4 12. Bf4 Re8 {[%emt 0:00:11] C08: French Tarrasch: 3...c5 4 exd5 exd5 sidelines.} 13. Qd3 {[%emt 0:00:38] [#]} h6 $146 ({Predecessor:} 13... Qd7 14. Nbd4 a6 15. Rad1 Rac8 16. h3 Bc5 17. Be5 Re7 18. Bxf6 Nxf6 19. Nf5 Re4 20. Ng3 {0-1 (36) Ter Sahakyan,S (2369)-Lputian,S (2616) Yerevan 2008}) 14. Rad1 Qb6 15. Nfd4 a6 16. f3 (16. Nf5 {is interesting.} Bf8 17. h3 Rac8 18. Qc2) 16... Nc5 17. Qd2 a5 18. Rfe1 a4 19. Nxc5 Bxc5 20. Bg3 Bxd4+ 21. cxd4 Nd7 22. Rxe8+ Rxe8 23. Re1 Rc8 24. Re7 Nf8 25. Qf4 $2 (25. Re3 $15) 25... Qg6 $19 26. h3 (26. Rxb7 {gets mated.} Qb1+ 27. Kf2 Rc2+) (26. Re5 {might work better.}) 26... Ne6 27. Qg4 (27. Qe5 Rc1+ 28. Be1 (28. Kh2 $2 Qb1 $19)) 27... Qxg4 $2 (27... Rc1+ $19 28. Kh2 Qxg4 29. hxg4 Rc2 30. Rxb7 Nxd4) 28. hxg4 {[%emt 0:00:04][%mdl 4096] Endgame KRB-KRN} b5 29. Rb7 (29. Rd7 $15) 29... Rc1+ $17 30. Kh2 Rc2 31. Rxb5 Nxd4 32. Rb8+ Kh7 {[%emt 0:00:01] Strongly threatening ...Nxf3+.} 33. Kh3 (33. f4 $142) 33... Ne6 34. Bd6 {[%emt 0:02:48] [#]} d4 (34... Rc6 $1 $17 35. Ba3 Nf4+ 36. Kg3 g5) 35. Rb5 $11 d3 36. Rd5 d2 37. a3 Rxb2 38. Kg3 g5 39. Bb4 Nf4 40. Rxd2 Rb3 41. Bd6 Nd3 42. Kh2 Kg6 43. Kg1 Kf6 44. Kf1 Ke6 45. Bf8 f6 46. Ke2 Ne5 47. Rd4 Ng6 48. Bb4 Nf4+ 49. Kf1 Ke5 50. Re4+ Kd5 51. Bf8 Rb1+ 52. Kf2 $1 Rb2+ 53. Kf1 Nxg2 54. Rxa4 Nh4 55. f4 Ng6 56. Bxh6 Nxf4 57. Bg7 Nd3 58. Kg1 Rb6 59. Ra5+ Ke4 (59... Ke6 $1 $15) 60. Rf5 Ne5 61. Rxf6 Rb7 62. Bf8 Nxg4 63. Rf1 Rb2 64. Re1+ Kf3 65. Rf1+ Kg3 66. Bd6+ Kh4 67. Rf3 Nh6 68. Bc5 Kg4 69. Rf2 Rb1+ 70. Kh2 Kh4 {[%emt 0:00:22] [#] And now ...Ng4+ would win.} 71. Ra2 Nf5 (71... Ng4+ $11 72. Kg2 Rc1) 72. a4 $1 $14 {[%emt 0:00:10] Threatens to win with a5.} g4 {[%emt 0:00:14] ( -> ...g3+)} 73. a5 {[%emt 0:00:08] a6 is the strong threat.} g3+ 74. Kg2 Kg4 $2 (74... Rc1 $16 75. Bb6 Rc8) 75. Ra4+ $18 Kg5 76. Ra2 $2 ({White has to play} 76. a6 $18 {Black must now prevent a7.} Rb2+ 77. Kf3 Rb3+ 78. Kg2 Rb2+ 79. Kf3 Rb3+ 80. Kg2 Rb2+) 76... Rb5 ({Black should try} 76... Kf4 $11 77. Ra4+ Ke5) 77. a6 Rxc5 $11 {[%emt 0:02:14] The position is equal.} 78. a7 Rc8 79. a8=Q Rxa8 80. Rxa8 Kg4 81. Rg8+ Kf4 82. Rxg3 {[%emt 0:00:01] Quite a comeback for White.  Weighted Error Value: White=0.34/Black=0.24 (precise)} 1/2-1/2

[Event "Chinese League Div-A Rapid 2022"]
[Site "Fuling,Chongqing"]
[Date "2022.09.07"]
[Round "2.17"]
[White "Zhang, Di"]
[Black "Liu, Qingnan"]
[Result "1-0"]
[ECO "B20"]
[WhiteElo "2108"]
[BlackElo "2542"]
[Annotator "TA"]
[PlyCount "119"]
[EventDate "2022.09.07"]
[EventType "team-tourn"]
[EventCountry "CHN"]
[SourceTitle "playchess.com"]
[Source "ChessBase"]
[SourceQuality "1"]
[TimeControl "1500+10"]

1. e4 c5 2. g3 g6 3. Bg2 Bg7 4. c3 Nc6 5. Ne2 d6 6. O-O Nf6 7. d4 {[%emt 0:00:15] B20: Sicilian: Unusual White 2nd moves.} cxd4 8. cxd4 O-O 9. h3 {[%emt 0:01:12] [#] White is slightly better.} a5 $146 ({Predecessor:} 9... e5 10. d5 Ne7 11. Nbc3 Nd7 12. g4 a6 13. Ng3 Kh8 14. Bg5 f6 15. Be3 Qe8 16. Kh2 f5 17. exf5 gxf5 18. gxf5 e4 19. Ncxe4 Nxf5 20. Nxf5 Rxf5 {1-0 (43) Najer,E (2648)-Murzin,V (2470) Tornelo INT 2020}) 10. Nbc3 e5 11. Be3 exd4 12. Nxd4 Nxd4 13. Bxd4 Be6 14. Re1 Qd7 15. Qf3 Ne8 16. Bxg7 Kxg7 17. Kh2 Nc7 18. Rad1 Rad8 19. Qe3 Qc6 20. e5 d5 21. Qg5 Rd7 22. Ne2 {[%emt 0:00:23] 0x0.001452079dbcdp-1022s more active pieces.} (22. Rc1 $142) 22... Qb6 $16 23. Nf4 Ne8 24. Nh5+ (24. Re2 $16) 24... Kh8 $1 $11 25. Nf6 Nxf6 26. Qxf6+ Kg8 27. h4 Qd8 (27... Qxb2 $5 28. h5 (28. a4 h5 $15) 28... gxh5 $11) 28. Qf4 d4 {[%emt 0:00:03] Prevents Re3.} 29. b3 h5 30. Rd3 (30. Rd2 $5 ) 30... Bf5 31. Be4 Bxe4 ({Better is} 31... Bg4 $14) 32. Rxe4 $16 Re8 33. Rexd4 Rxd4 34. Rxd4 $18 {[%emt 0:00:01][%mdl 4096] Endgame KQR-KQR} Qc7 35. Rd5 b6 36. Qf6 a4 (36... Kh7 {might work better.} 37. Rd6 b5) 37. e6 {[%emt 0:01:20] White threatens Rd7 and mate.} Qe7 38. exf7+ Qxf7 39. Qd4 {[%emt 0:00:01] Hoping for Rd7.} (39. Qxb6 Qxd5 40. Qxg6+ Kf8 41. Qf6+ Qf7 42. Qh8+ Ke7 43. Qe5+ Kd7 44. Qb5+ Ke6 45. Qc6+ Kf5 46. bxa4 Re6 47. Qd5+ Kg6 48. Qg5+ Kh7 $19) 39... axb3 $2 (39... Rf8 40. f4 (40. bxa4 Qxf2+ 41. Qxf2 Rxf2+ 42. Kg1 Rxa2 $11) 40... axb3 41. axb3 Qe6) 40. axb3 (40. Rd7 $142 Re7 41. Rd8+ Re8 42. axb3) 40... Rf8 41. Kg1 Qf6 42. Qe3 Rd8 {[%emt 0:00:11] [#]} 43. Rxd8+ ({White should play} 43. Re5 $1 $18) 43... Qxd8 {[%emt 0:00:01] KQ-KQ} 44. Qe6+ Kg7 45. Kg2 Qd4 46. Qe7+ Kg8 47. Qe6+ Kg7 48. Qe3 Qd5+ 49. Qf3 Qd4 50. Qc6 Kh7 51. Qb7+ Kg8 52. Qc6 (52. Qc8+ $16 Kg7 53. Qc6) 52... Kg7 (52... Kh7 $1 $11 {remains equal.}) 53. Qc4 Qe5 54. Qd3 {[%emt 0:00:22] Black must now prevent Qd7+.} Qc5 55. Qe4 Qd6 56. Qe3 Qd5+ 57. Qf3 Qd4 58. Qc6 {[%emt 0:00:11] Prevents Qd7.} Kh7 $1 59. Qc7+ Kg8 $2 {[%emt 0:00:03][%mdl 8192] [#]} (59... Kh8 $16) 60. Qc4+ $1 {[%emt 0:00:18] Weighted Error Value: White=0.23 (precise) /Black=0.28 (precise)} 1-0

[Event "Chinese League Div-A Rapid 2022"]
[Site "Fuling,Chongqing"]
[Date "2022.09.07"]
[Round "2.18"]
[White "Li, Chao b"]
[Black "Zhao, Jun"]
[Result "1/2-1/2"]
[ECO "C67"]
[WhiteElo "2679"]
[BlackElo "2619"]
[Annotator "TA"]
[PlyCount "46"]
[EventDate "2022.09.07"]
[EventType "team-tourn"]
[EventCountry "CHN"]
[SourceTitle "playchess.com"]
[Source "ChessBase"]
[SourceQuality "1"]
[TimeControl "1500+10"]

1. e4 e5 2. Nf3 Nc6 3. Bb5 Nf6 4. O-O Nxe4 5. d4 Nd6 6. Bxc6 dxc6 7. dxe5 Nf5 8. Qxd8+ Kxd8 9. Nc3 Ke8 10. h3 h5 {[%emt 0:01:10] C67: Ruy Lopez: Berlin Defence: 4 0-0 Nxe4.} 11. Rd1 Be7 12. Ne2 Nh4 {[%emt 0:01:38] The position is equal.} 13. Nxh4 Bxh4 14. Be3 {[%emt 0:00:27] [#]} Be6 $146 ({Predecessor:} 14... Be7 15. Rd2 h4 16. Rad1 Rh5 17. f4 f6 18. exf6 gxf6 19. Nd4 Kf7 20. c4 Bc5 {½-½ (36) Li,C (2690)-Wei,Y (2725) China 2019}) 15. Nd4 Bd7 16. Ne2 Be6 17. Rd2 Rd8 18. Rad1 Rxd2 19. Rxd2 b6 20. Nd4 Bd7 $1 21. Ne2 Be6 22. Nd4 Bd7 23. Ne2 Be6 {[%emt 0:00:14] Not much happened in this game.  Weighted Error Value: White=0.13 (very precise) /Black=0.05 (flawless)} (23... Kd8 $15) 1/2-1/2

[Event "Chinese League Div-A Rapid 2022"]
[Site "Fuling,Chongqing"]
[Date "2022.09.07"]
[Round "2.19"]
[White "Liu, Manli"]
[Black "Li, Ruofan"]
[Result "0-1"]
[ECO "C79"]
[WhiteElo "2195"]
[BlackElo "2302"]
[Annotator "RC"]
[PlyCount "112"]
[EventDate "2022.09.07"]
[EventType "team-tourn"]
[EventCountry "CHN"]
[SourceTitle "playchess.com"]
[Source "ChessBase"]
[SourceQuality "1"]
[TimeControl "1500+10"]

1. e4 e5 2. Nf3 Nc6 3. Bb5 a6 4. Ba4 d6 5. c3 Bd7 6. d4 Nf6 7. O-O g6 8. Nbd2 b5 9. Bb3 Bg7 10. dxe5 Nxe5 11. Bc2 O-O 12. Nxe5 dxe5 13. Nb3 Qe7 14. Be3 Rfd8 15. Qe1 a5 16. f3 Be6 17. a4 Nd7 18. Qf2 Bf8 19. axb5 Bc4 20. Rfd1 a4 21. Nd2 Bxb5 22. c4 Bc6 23. b3 a3 24. Nb1 a2 25. Nc3 Qb4 26. Nxa2 Qa3 27. Nc3 Qxa1 28. Rxa1 Rxa1+ 29. Nb1 Nc5 30. g3 Nxb3 31. Kg2 Ra2 32. Nc3 Rb2 33. Bg5 f6 34. Be3 Na1 35. Kh3 Rxc2 36. Qe1 Bb4 37. Qxa1 Bd7+ 38. g4 Rxc3 39. Bc5 Rxf3+ 40. Kg2 Ra3 41. Qd1 Ra2+ 42. Kg3 Bxc5 43. Qd5+ Kg7 44. Qxc5 Re8 45. Qxc7 Re7 46. Qd6 Rf7 47. h3 Ra8 48. g5 fxg5 49. Qxe5+ Kh6 50. Qd6 Raf8 51. h4 Rf3+ 52. Kg2 Bh3+ 53. Kg1 gxh4 54. c5 Rg3+ 55. Kh2 Rf2+ 56. Kh1 Bg2+ 0-1

[Event "Chinese League Div-A Rapid 2022"]
[Site "Fuling,Chongqing"]
[Date "2022.09.07"]
[Round "2.20"]
[White "Gu, Xiaobing"]
[Black "Wang, Yu A."]
[Result "0-1"]
[ECO "C26"]
[WhiteElo "2219"]
[BlackElo "2271"]
[Annotator "RC"]
[PlyCount "112"]
[EventDate "2022.09.07"]
[EventType "team-tourn"]
[EventCountry "CHN"]
[SourceTitle "playchess.com"]
[Source "ChessBase"]
[SourceQuality "1"]
[TimeControl "1500+10"]

1. e4 e5 2. Nc3 Nc6 3. g3 Nf6 4. Bg2 Be7 5. Nge2 d6 6. O-O h5 7. d4 h4 8. dxe5 dxe5 9. Bg5 hxg3 10. Qxd8+ Nxd8 11. hxg3 c6 12. Rad1 Ne6 13. Bc1 Bd7 14. a3 O-O-O 15. b4 c5 16. Nd5 Nxd5 17. exd5 Nd4 18. Nxd4 cxd4 19. c3 Ba4 20. cxd4 Bxd1 21. Rxd1 exd4 22. Rxd4 Bd6 23. Be4 Kb8 24. Bf5 g6 25. Bg4 f5 26. Bf3 Rc8 27. Bd2 Rc2 28. Kg2 Rhc8 29. Rd3 Ra2 30. Bd1 a5 31. bxa5 Rxa3 32. Bb3 Re8 33. Kf3 Re4 34. Kg2 Re2 35. Bc1 Rxa5 36. Be3 Ra3 37. Bc1 Ra1 38. Be3 Ra3 39. Bc1 Ra5 40. Be3 Rb2 41. Bd4 Rxb3 42. Rxb3 Rxd5 43. Bb6 Bc7 44. Kf3 g5 45. Ke3 Bxb6+ 46. Rxb6 Kc7 47. Rf6 b5 48. f4 gxf4+ 49. Kxf4 b4 50. Rf7+ Kc6 51. Rf6+ Kc5 52. Rf8 b3 53. Rb8 Kc4 54. Ke3 Kc3 55. Rc8+ Kb2 56. Rh8 Kb1 0-1

[Event "Chinese League Div-A Rapid 2022"]
[Site "Fuling,Chongqing"]
[Date "2022.09.07"]
[Round "2.21"]
[White "Xu, Yinglun"]
[Black "Xu, Xiangyu"]
[Result "1/2-1/2"]
[ECO "D80"]
[WhiteElo "2549"]
[BlackElo "2571"]
[Annotator "TA"]
[PlyCount "42"]
[EventDate "2022.09.07"]
[EventType "team-tourn"]
[EventCountry "CHN"]
[SourceTitle "playchess.com"]
[Source "ChessBase"]
[SourceQuality "1"]
[TimeControl "1500+10"]

1. d4 Nf6 2. c4 g6 3. Nc3 d5 4. Bg5 Bg7 5. Bxf6 Bxf6 6. cxd5 c6 7. Rc1 {[%emt 0:00:57] D80: Grünfeld: Unusual White 4th moves and 4 Bg5.} O-O $1 {[%emt 0:00:55] The position is equal.} 8. dxc6 (8. e4 {with more complications.} Bg7 9. Nf3 cxd5 10. exd5 e6 11. Bc4) 8... Qxd4 9. Qxd4 Bxd4 10. cxb7 Bxb7 11. Nf3 Bf6 {[%emt 0:04:38] A strong pair of Bishops.} 12. e3 Nd7 13. Be2 (13. Bb5 $5 Nc5 14. O-O $11) 13... Rab8 14. Na4 {[%emt 0:00:33] [#]} Rfc8 $146 ({Predecessor:} 14... Nb6 15. Nxb6 axb6 16. b3 Ra8 17. a4 Bd5 18. Bc4 Rfc8 19. Ke2 Bxc4+ 20. Rxc4 {½-½ (20) Brunello,S (2592)-Erdos,V (2624) Sibenik 2012}) 15. O-O Bxb2 $1 16. Nxb2 {[%emt 0:00:08] [#] Hoping for Nd3.} (16. Rxc8+ {keeps more tension.} Bxc8 17. Rb1 Be5 18. Rxb8 Bxb8 19. Nd4) 16... Rxc1 17. Rxc1 {[%emt 0:00:05] aiming for Nd1.} Bxf3 18. gxf3 Rxb2 19. Rc7 Rxa2 20. Rxd7 {[%emt 0:00:07] [#] Black must now prevent Bb5.} Rxe2 21. Rxa7 e6 {[%emt 0:00:16] An uneventful encounter.  Weighted Error Value: White=0.04 (flawless) /Black=0.02 (flawless)} 1/2-1/2

[Event "Chinese League Div-A Rapid 2022"]
[Site "Fuling,Chongqing"]
[Date "2022.09.07"]
[Round "2.22"]
[White "Xue, Haowen"]
[Black "Zhao, Yuanhe"]
[Result "1-0"]
[ECO "C02"]
[WhiteElo "2128"]
[BlackElo "2440"]
[Annotator "TA"]
[PlyCount "151"]
[EventDate "2022.09.07"]
[EventType "team-tourn"]
[EventCountry "CHN"]
[SourceTitle "playchess.com"]
[Source "ChessBase"]
[SourceQuality "1"]
[TimeControl "1500+10"]

1. e4 e6 2. d4 d5 3. e5 c5 4. c3 Qb6 5. Nf3 Bd7 6. a3 cxd4 7. cxd4 Bb5 8. Bxb5+ Qxb5 9. Nc3 Qa6 10. Ne2 Ne7 {[%emt 0:00:49] C02: French: Advance Variation.} 11. O-O Nec6 12. Be3 Nd7 {[%emt 0:00:08] [#] White has an edge.} 13. h4 $146 ({Predecessor:} 13. b4 Nb6 14. Nc3 Qc4 15. Rc1 Nd8 16. Na4 Qb5 17. Nxb6 Qxb6 18. Qb3 h6 19. Rc2 {½-½ (66) Solodovnichenko,Y (2537)-Laznicka,V (2602) Playchess.com INT 2006}) 13... Rc8 14. Rc1 Nb6 15. Nf4 g6 (15... Be7 $11 {remains equal.}) 16. Ng5 $1 $16 {[%emt 0:02:26] Threatens to win with Qg4.} Be7 {[%emt 0:00:07] [#]} 17. Qg4 (17. Nfxe6 $1 $16 {[%mdl 512] Hoping for Ng7+.} fxe6 18. Nxe6) 17... h5 (17... Bxg5 $14 18. Qxg5 (18. hxg5 O-O $11) 18... Rg8) 18. Qg3 {[%emt 0:00:17][%cal Og5f7] White is much more active.} Rg8 19. Nh7 $1 Kd7 20. Rfd1 (20. Nf6+ $142 $1 Bxf6 21. exf6) 20... Na5 (20... Nc4 $142) 21. Nd3 (21. Ng5 Rg7 $14) 21... Rxc1 22. Bxc1 {[%emt 0:00:03] aiming for Nf6+.} Rh8 23. Nf6+ ({Only move:} 23. Ng5 $1 $16 Rf8 24. Qf3) 23... Kc8 $15 24. Nc5 (24. Ne1 $15) 24... Qe2 25. Qd3 Qxd3 26. Rxd3 Bxf6 27. exf6 Nd7 28. Bf4 (28. Rc3 $15) 28... Nc4 ({Black should play} 28... Nxc5 29. dxc5 Nc4) 29. Bc1 (29. Na4 $142) 29... b6 (29... Nxf6 30. Rf3 $16) (29... Nxc5 $142 30. dxc5 Kd7) 30. Na4 Kb7 (30... Nxf6 $6 31. Rf3 Nd7 32. Rxf7 $11) 31. Nc3 Rc8 (31... Nxf6 32. Rf3 $16) 32. Kf1 Nd6 ({Don't take} 32... Nxf6 33. Rf3 Nh7 34. Rxf7+ Rc7 35. Rf3 $14) 33. Bg5 Nf5 34. f3 Nd6 35. b3 Ne8 36. Kf2 Nexf6 37. Ke3 a6 38. Kd2 Ne8 39. Bf4 Ng7 40. g4 Rh8 {[%emt 0:00:05] White must now prevent ...hxg4.} 41. Bg3 Ne8 42. Nd1 Ndf6 43. Nf2 hxg4 (43... Ng8 $17) 44. fxg4 $11 Ne4+ 45. Nxe4 dxe4 {[%emt 0:00:01][%mdl 4096] Endgame KRB-KRN} 46. Rc3 f5 47. Ke3 $2 {[%emt 0:00:06] [#]} (47. g5 $11 {and White stays safe.}) 47... Rh7 (47... Nf6 $1 $19 48. Rc7+ Ka8) 48. g5 $15 Rd7 (48... e5 $5 49. Bxe5 (49. dxe5 Nc7 $17) 49... Rxh4 $15) 49. Rc1 Nd6 50. Rh1 Nb5 (50... Rd8 $11) 51. h5 gxh5 (51... Nxa3 $2 52. hxg6 Kc6 53. Rh7 $18) 52. Be5 {[%emt 0:00:13] Strongly threatening g6.} Nc3 (52... Nxa3 $2 53. g6 $18) 53. g6 {[%emt 0:00:07] g7 is the strong threat.} Nd5+ 54. Kf2 Rd8 55. Rxh5 Rg8 56. g7 {[%emt 0:00:04] And now Rh6 would win.} Kc6 57. Rh8 Ne7 58. Bf6 f4 59. Bxe7 Rxg7 $14 {[%emt 0:00:01] KRB-KR} 60. Bh4 e3+ 61. Kf3 Rg1 62. Rc8+ ({But not} 62. Kxf4 e2 $11) 62... Kd7 $2 {[%emt 0:00:15] [#]} ({Black should try} 62... Kd5 $14) 63. Rc2 $1 $18 Rh1 64. Bg5 Rf1+ 65. Kg2 Rb1 (65... Re1 $142) 66. Bxf4 Rxb3 67. Kf3 Rxa3 68. Rc7+ Kd8 69. Rb7 b5 70. Bxe3 Kc8 71. Rb6 Kc7 $2 (71... Kd7 72. Kf4 Ra5) 72. Rxe6 {[%emt 0:00:04] White is clearly winning.} b4 73. d5 b3 74. Rc6+ Kd7 75. Rb6 a5 76. Bc5 {[%emt 0:00:04] Weighted Error Value: White=0.26 (precise) /Black=0.23 (precise)} 1-0

[Event "Chinese League Div-A Rapid 2022"]
[Site "Fuling,Chongqing"]
[Date "2022.09.07"]
[Round "2.23"]
[White "Wen, Yang"]
[Black "Li, Di"]
[Result "1/2-1/2"]
[ECO "D38"]
[WhiteElo "2588"]
[BlackElo "2575"]
[Annotator "TA"]
[PlyCount "46"]
[EventDate "2022.09.07"]
[EventType "team-tourn"]
[EventCountry "CHN"]
[SourceTitle "playchess.com"]
[Source "ChessBase"]
[SourceQuality "1"]
[TimeControl "1500+10"]

1. d4 Nf6 2. Nf3 d5 3. c4 e6 4. Nc3 Bb4 5. Bg5 h6 6. Bxf6 Qxf6 7. e3 O-O 8. Rc1 dxc4 9. Bxc4 c5 10. O-O cxd4 11. Nxd4 Bd7 {[%emt 0:00:26] The position is equal. D38: Queen's Gambit Declined: Ragozin Defence (4 Nf3 Bb4).} 12. Qb3 Nc6 13. Nxc6 Bxc3 14. Qxb7 Bxc6 15. Qxc6 Bxb2 {[%emt 0:00:03] [#] White must now prevent ...Rac8.} 16. Rc2 Rfc8 17. Qe4 Qe5 {[%emt 0:01:16] [#]} 18. Qxe5 $146 ({Predecessor:} 18. Bd3 Qxe4 19. Bxe4 Rxc2 20. Bxc2 Rc8 21. Bb3 Kf8 22. Rd1 Rc1 23. Rxc1 Bxc1 24. Kf1 {½-½ (30) Guo,Q (2439)-Tan,Z (2483) Manila 2013}) 18... Bxe5 19. g3 Rc5 20. Rfc1 Rac8 21. Bb3 Rxc2 22. Rxc2 Rxc2 23. Bxc2 g5 {[%emt 0:00:05] An even fight not without its subleties.  Weighted Error Value: White=0.01 (flawless) /Black=0.00 (flawless)} 1/2-1/2

[Event "Chinese League Div-A Rapid 2022"]
[Site "Fuling,Chongqing"]
[Date "2022.09.07"]
[Round "2.24"]
[White "Ren, Xiaoyi"]
[Black "Song, Yuxin"]
[Result "1/2-1/2"]
[ECO "B14"]
[WhiteElo "2250"]
[BlackElo "2317"]
[Annotator "TA"]
[PlyCount "29"]
[EventDate "2022.09.07"]
[EventType "team-tourn"]
[EventCountry "CHN"]
[SourceTitle "playchess.com"]
[Source "ChessBase"]
[SourceQuality "1"]
[TimeControl "1500+10"]

1. d4 Nf6 2. c4 e6 3. Nf3 d5 4. Bg5 dxc4 5. e3 c5 6. Bxc4 cxd4 7. exd4 Nc6 8. O-O Be7 9. Nc3 O-O 10. Rc1 h6 11. Bh4 a6 12. a3 b5 {[%emt 0:01:31] B14: Caro-Kann: Panov-Botvinnik Attack with 5...e6 and 5...g6.} 13. Ba2 Bb7 14. Bb1 b4 {[%emt 0:01:36] [#]} 15. Ne4 $146 {[%emt 0:01:49] Not much happened in this game.  Weighted Error Value: White=0.09 (flawless) /Black=0.10 (very precise)} ({White should play} 15. Qd3 $14 g6 16. Na4) ({Predecessor:} 15. Na4 g5 16. Bg3 Rc8 17. Qd3 bxa3 18. bxa3 Na5 19. Rxc8 Qxc8 20. Nc5 Bxc5 21. dxc5 {1-0 (40) Pavlidou,E (2188)-Nikolova,A (2328) Bansko 2010}) 1/2-1/2

[Event "Chinese League Div-A Rapid 2022"]
[Site "Fuling,Chongqing"]
[Date "2022.09.07"]
[Round "2.25"]
[White "Chu, Ruotong"]
[Black "Li, Xueyi"]
[Result "1/2-1/2"]
[ECO "D10"]
[WhiteElo "2185"]
[BlackElo "2280"]
[Annotator "RC"]
[PlyCount "58"]
[EventDate "2022.09.07"]
[EventType "team-tourn"]
[EventCountry "CHN"]
[SourceTitle "playchess.com"]
[Source "ChessBase"]
[SourceQuality "1"]
[TimeControl "1500+10"]

1. d4 d5 2. c4 c6 3. cxd5 cxd5 4. Bf4 Nf6 5. e3 Nc6 6. Bd3 Bg4 7. Ne2 e6 8. Nbc3 Bd6 9. Bxd6 Qxd6 10. O-O O-O 11. h3 Bh5 12. Qb3 Qb4 13. Qxb4 Nxb4 14. Nf4 Nxd3 15. Nxd3 Rac8 16. Nf4 Bg6 17. Nxg6 hxg6 18. Rac1 g5 19. Ne2 Ne4 20. Rxc8 Rxc8 21. Rc1 Rxc1+ 22. Nxc1 Kf8 23. Kf1 Ke7 24. Ke2 Nd6 25. Nd3 Kd7 26. Kd2 Ne4+ 27. Ke2 Nd6 28. Kd2 Nc4+ 29. Ke2 Nd6 1/2-1/2

[Event "Chinese League Div-A Rapid 2022"]
[Site "Fuling,Chongqing"]
[Date "2022.09.07"]
[Round "2.26"]
[White "Chen, Qi b"]
[Black "Chen, Yuan"]
[Result "1-0"]
[ECO "E09"]
[WhiteElo "2485"]
[BlackElo "2138"]
[Annotator "TA"]
[PlyCount "76"]
[EventDate "2022.09.07"]
[EventType "team-tourn"]
[EventCountry "CHN"]
[SourceTitle "playchess.com"]
[Source "ChessBase"]
[SourceQuality "1"]
[TimeControl "1500+10"]

1. d4 Nf6 2. c4 e6 3. g3 d5 4. Bg2 Be7 5. Nf3 O-O 6. O-O c6 7. Qc2 Nbd7 8. Nbd2 c5 9. cxd5 exd5 10. b3 {[%emt 0:00:14] E09: Closed Catalan: Main Line: 7 Qc2 c6 8 Nbd2.} b6 11. Bb2 Ba6 12. Rfe1 {[%emt 0:01:39] The position is equal.} Rc8 {[%emt 0:00:03] [#]} 13. Rad1 $146 (13. Bh3 {is more complex.} cxd4 14. Qd1 d3 15. exd3 Bxd3 16. Ne5) ({Predecessor:} 13. Qd1 Re8 14. Rc1 Bd6 15. Nh4 Bf8 16. Ndf3 Ne4 17. Ne5 Ndf6 {1-0 (75) Pham,C (2353)-Shyam,N (2431) Ho Chi Minh City 2014}) 13... Re8 14. Bf1 Qc7 15. dxc5 bxc5 16. Bh3 {[%emt 0:01:56] Hoping for e4.} c4 (16... Rcd8 $14) 17. bxc4 $16 dxc4 {[%emt 0:00:22] [#] aiming for ...c3.} 18. Bxf6 Nxf6 19. Bxc8 Rxc8 20. Qa4 Bb7 21. Rc1 c3 22. Nb3 Bd5 23. Red1 h6 {[%emt 0:00:20] [#]} (23... Qb7 $16) 24. Rd3 $1 $18 c2 25. Nbd4 ({White should try} 25. Nfd4 $18) 25... Ne4 $2 {[%emt 0:00:18] This costs Black the game.} (25... Be4 $16) 26. Qxc2 ({Resist} 26. Rxc2 Bc5 27. Rd1 Rd8 $18) 26... Qxc2 27. Rxc2 ({Don't take} 27. Nxc2 $6 Bxa2 28. Nfd4 Nf6 $18) 27... Rxc2 28. Nxc2 {[%emt 0:00:02] Pair of Knights!} Bxa2 29. Rd7 Bc5 30. Nfd4 a5 (30... Bb6 {was necessary.} 31. Re7 Nc5 32. Re8+ Kh7) 31. f3 Nc3 32. Kf1 Nd5 33. e4 Nb4 34. Rc7 Bb6 35. Rb7 Bc5 36. Ke1 Kh7 37. Kd2 Na6 $2 (37... Nxc2 {is a better defense.} 38. Nxc2 Bg1) 38. Kd3 Bb4 {[%emt 0:00:10] Weighted Error Value: White=0.16 (very precise) /Black=0.43} (38... Bd6 {was worth a try.}) 1-0